 Dungeon Crawl Stone Soup version 0.30-a0-996-ga6910c8ee8 (webtiles) character file.

Game seed: 5297322530617604136

22 cforsyth the Caller (level 2, 0/17 HPs)
             Began as an Octopode Summoner on Apr 5, 2023.
             Slain by a river rat (3 damage)
             ... in a sewer.
             The game lasted 00:03:16 (1343 turns).

cforsyth the Caller (Octopode Summoner)             Turns: 1343, Time: 00:03:16

Health: 0/17       AC:  1    Str:  7    XL:     2   Next: 91%
Magic:  2/5        EV: 13    Int: 17    God:
Gold:   21         SH:  0    Dex: 12    Spells: 3/6 levels left

rFire   + . .      SeeInvis .    (no weapon)
rCold   . . .      Faith    .    (no shield)
rNeg    . . .      Spirit   .    (helmet restricted)
rPois   .          Reflect  .    (no amulet)
rElec   .          Rampage  .    d - ring of protection from fire
rCorr   .                        (no ring)
Will    .....                    (no ring)
Stlth   +++                      (no ring)
HPRegen 0.22/turn                (no ring)
MPRegen 0.09/turn                (no ring)
                                 (no ring)
                                 (no ring)

@: hasted, very quick
A: almost no armour, amphibious, 8 rings, camouflage 1, gelatinous body 1,
(nimble swimmer 1), tentacles
a: no special abilities


You were in a sewer.
You visited 1 branch of the dungeon, and saw 3 of its levels.
You also visited: Sewer.

You collected 21 gold pieces.

Inventory:

Jewellery
 d - a ring of protection from fire (left tentacle)
Scrolls
 b - a scroll of vulnerability {unknown}
 c - 2 scrolls of poison {unknown}
 f - a scroll of magic mapping {unknown}
 g - a scroll of amnesia {unknown}
Potions
 a - a potion of magic


   Skills:
 - Level 2.0 Dodging
 - Level 2.6 Stealth
 + Level 2.6 Spellcasting
 + Level 4.4 Summonings


You had 3 spell levels left.
You knew the following spells:

 Your Spells              Type           Power      Damage    Failure   Level
a - Summon Small Mammal   Summ           68%        N/A       3%          1
b - Call Imp              Summ           17%        N/A       4%          2

Your spell library contained the following spells:

 Spells                   Type           Power      Damage    Failure   Level
 Call Canine Familiar     Summ           17%        N/A       9%          3
 Summon Guardian Golem    Hex/Summ       9%         N/A       22%         3
 Sublimation of Blood     Necr           2%         N/A       28%         2
 Wereblood                Tmut           2%         N/A       28%         2
 Summon Lightning Spire   Summ/Air       9%         N/A       58%         4
 Summon Hydra             Summ           8%         N/A       100%        7


Dungeon Overview and Level Annotations

Branches:
Dungeon (4/15)              Sewer (1/1)
 Temple: D:4-7

Altars:

Shops:
D:1 :


Innate Abilities, Weirdness & Mutations

You cannot wear most types of armour.
You are amphibious.
You can wear up to eight rings at the same time.
Your skin changes colour to match your surroundings (Stealth+).
Your rubbery body absorbs attacks. (AC +1, EV +1)
((You are camouflaged when in or above water. (Stealth+)))
You have tentacles for arms and can constrict up to eight enemies at once.


Message History

The river rat barely misses your crimson imp.
Your bat hits the river rat but does no damage.
Your crimson imp blinks!
Your bat closely misses the river rat.
The river rat bites your bat.
Your bat hits the river rat but does no damage.
Your crimson imp blinks!
Your bat barely misses the river rat.
Your quokka bites the river rat but does no damage.
Casting: Summon Small Mammal (safe; 3% risk of failure)
Confirm with . or Enter, or press ? or * to list all spells.
A beastly little devil appears in a puff of flame.
Your bat closely misses the river rat.
The river rat misses your bat.
Your quokka bites the river rat but does no damage.
Your bat hits the river rat but does no damage.
Your bat closely misses the river rat.
Your bat hits the river rat but does no damage.
Your crimson imp blinks!
You enter the shallow water.
Your bat completely misses the river rat.
Your crimson imp blinks!
The river rat attacks as you move away! The river rat bites you.
You tentacle-slap the river rat but do no damage.
Your grab misses the river rat.
The river rat is moderately wounded.
Your bat hits the river rat but does no damage.
The river rat closely misses you.
Your quokka closely misses the river rat.
You barely miss the river rat. You grab the river rat.
The river rat is moderately wounded.
You constrict the river rat. Your bat hits the river rat.
The river rat bites you!
Ouch! That really hurt!
* * * LOW HITPOINT WARNING * * *
Your quokka bites the river rat but does no damage.
It was a potion of haste.
You feel yourself speed up.
You constrict the river rat.
Your bat hits the river rat but does no damage.
Your quokka bites the river rat but does no damage.
The river rat bites you.
You die...

#~~~~ #~~. ##.~#
#~~.# #5.## #..#
########## #r†#
#~.~..~~~# #r~#
#..†.~...# #@b#
#..####.~# #..#
#..# #..# #~.#
#..# #..# #..#
#.~# #~~# #~~##
#..# #~.# #...#
#..# #.~# ##..##
#~~# #~.#
#~~.####~~# #~.#
#....~..~.####..#


You could see a river rat (ally target), a friendly crimson imp (summoned), a
friendly quokka (summoned) and a friendly bat (summoned).

Vanquished Creatures
  A dart slug (D:4)
  A kobold (D:4)
  A rat (D:1)
3 creatures vanquished.

Vanquished Creatures (collateral kills)
  A worm (D:4)
  3 endoplasms
  2 giant cockroaches (Sewer)
  A goblin (D:1)
  3 kobolds (D:1)
  2 ball pythons
  A frilled lizard (Sewer)
13 creatures vanquished.

Grand Total: 16 creatures vanquished

Notes
Turn   | Place    | Note
-------+----------+-------------------------------------------
     0 | D:1      | cforsyth the Octopode Summoner began the quest for the Orb.
     0 | D:1      | Reached XP level 1. HP: 11/11 MP: 3/3
   609 | D:1      | Reached XP level 2. HP: 12/17 MP: 1/5
   657 | D:1      | Found Muwumixkye's Vocational Training.
  1017 | D:1      | Learned a level 2 spell: Call Imp
  1093 | D:2      | You fall into a shaft and drop 2 floors!
  1164 | D:4      | Found a glowing drain.
  1222 | Sewer    | Entered a sewer
  1343 | Sewer    | Slain by a river rat

Illustrated notes

Levels and vault maps discovered:
D:1:      dpeg_arrival_rhombi, layout_basic, nicolae_shop_vocational
D:2:      layout_basic, minmay_hedge_maze, serial_bayou_pond_d, uniq_robin,
          uniq_sigmund
D:4:      gammafunk_wand_slinger, layout_cave_pods,
          minmay_temple_entry_nine_rooms, cheibrodos_sewer_entry_bend,
          uniq_pikel, uniq_menkaure
Sewer:    sewer_hellmonk_slimy_pipes

Action                     || total
---------------------------++-------
  Melee: Unarmed           ||    15
         Constrict         ||     7
         Tentacles         ||     3
         Punch             ||     1
   Cast: Summon Small Mamm ||    19
         Call Imp          ||     5
    Use: Potion            ||     1
 Armour: Skin              ||     1
  Dodge: Dodged            ||    13

Table legend: (Time is in decaauts)
 A = Elapsed time spent in this place.
 B = Non-inter-level travel time spent in this place.
 C = Inter-level travel time spent in this place.
 D = Time resting spent in this place.
 E = Time spent auto-exploring this place.
 F = Levels seen in this place.
 G = Mean time per level.
                   A        B        C        D        E       F      G
               +--------+--------+--------+--------+--------+-----+--------+
         Total |   1342 |   1241 |    101 |     43 |    854 |   4 |  335.5 |
       Dungeon |   1221 |   1120 |    101 |     35 |    854 |   3 |  407.0 |
         Sewer |    120 |    120 |      0 |      8 |      0 |   1 |  120.0 |
               +--------+--------+--------+--------+--------+-----+--------+

Top non-repeatable levels by time:
     D:1: 1081 daAuts
     D:4: 128 daAuts
   Sewer: 120 daAuts
     D:2: 11 daAuts
